 Dungeon Crawl Stone Soup version 0.27-a0-941-g386ccf399c (webtiles) character file.

Game seed: 1509204898098864738

133251 dbcje the Geomancer (level 17, 0/104 HPs)
             Began as a Gargoyle Earth Elementalist on Apr 10, 2021.
             Was the Champion of Vehumet.
             Engulfed by a will-o-the-wisp's steam (13 damage)
             ... on level 3 of the Swamp on Apr 11, 2021.
             The game lasted 01:13:33 (26970 turns).

dbcje the Geomancer (Gargoyle Earth Elementalist)  Turns: 26970, Time: 01:13:35

Health: 0/104      AC: 27    Str: 17    XL:     17   Next: 14%
Magic:  14/32      EV: 16    Int: 31    God:    Vehumet [******]
Gold:   428        SH:  0    Dex: 14    Spells: 12/38 levels left

rFire    . . .     SeeInvis +   S - +7 eveningstar (elec)
rCold    + + +     Faith    .   (no shield)
rNeg     + . .     Spirit   .   J - +2 robe {Archmagi}
rPois    ∞         Reflect  .   v - +1 hat of Undesirable Species {Int+4}
rElec    +         Harm     .   U - +2 cloak {rC+}
rCorr    .         Rampage  .   X - +2 pair of gloves "Loehoq" {rC++ Dex+4}
Will     +....                  F - +1 pair of boots
Stlth    ++........             A - amulet of magic regeneration
HPRegen  1.27/turn              l - ring of Eriudinu {rPois Str+3 Int+6}
MPRegen  0.48/turn              I - ring of see invisible

@: marked, flying
A: AC +12, big wings, negative energy resistance 1, electricity resistance,
torment resistance 1, unbreathing 1, petrification resistance, regeneration 1
a: Renounce Religion


You were on level 3 of the Swamp.
You worshipped Vehumet.
Vehumet was exalted by your worship.
You visited 5 branches of the dungeon, and saw 27 of its levels.
You also visited: Ossuary, Gauntlet and Ice Cave.

You collected 4642 gold pieces.
You spent 4214 gold pieces at shops.

Inventory:

Hand Weapons
 S - a +7 eveningstar of electrocution (weapon)
Missiles
 b - 562 stones
Armour
 v - the +1 hat of Undesirable Species (worn) {Int+4}
   (You found it on level 5 of the Dungeon)

   It affects your intelligence (+4).
 F - a +1 pair of boots (worn)
 J - a +2 robe of the Archmagi (worn)
 U - a +2 cloak of cold resistance (worn)
 W - a +2 robe of fire resistance
 X - the +2 pair of gloves "Loehoq" (worn) {rC++ Dex+4}
   (You acquired it on level 2 of the Orcish Mines)

   It affects your dexterity (+4).
   It greatly protects you from cold.
Magical Staves
 B - a staff of fire
Jewellery
 l - the ring of Eriudinu (left hand) {rPois Str+3 Int+6}
   (You found it on level 4 of the Lair of Beasts)

   [ring of intelligence]

   It affects your strength (+3).
   It affects your intelligence (+6).
   It protects you from poison.
 A - an amulet of magic regeneration (around neck)
 G - a ring of fire
 H - a ring of fire
 I - a ring of see invisible (right hand)
Wands
 f - a wand of polymorph (11)
 g - a wand of flame (62)
 k - a wand of acid (5)
 y - a wand of paralysis (21)
 O - a wand of digging (7)
 R - a wand of charming (15)
Scrolls
 a - 2 scrolls of holy word
 i - 8 scrolls of amnesia
 n - 9 scrolls of immolation
 s - 2 scrolls of magic mapping
 t - 3 scrolls of brand weapon
 D - 9 scrolls of teleportation
 E - 3 scrolls of blinking
 P - 10 scrolls of identify
 Y - 2 scrolls of summoning
Potions
 c - 2 potions of haste
 d - a potion of berserk rage
 e - 4 potions of cancellation
 m - a potion of magic
 o - 2 potions of ambrosia
 p - a potion of lignification
 r - 6 potions of curing
 z - 6 potions of brilliance
 K - a potion of mutation
 N - 2 potions of might
 Q - a potion of invisibility
 V - a potion of resistance
Miscellaneous
 h - a lightning rod (4/4)
 x - a tin of tremorstones (2/2)
 C - a phantom mirror
 L - a condenser vane
 M - a phial of floods


   Skills:
 + Level 10.9 Fighting
 + Level 11.1 Maces & Flails
 - Level 6.0 Armour
 + Level 8.6 Dodging
 - Level 2.1 Stealth
 + Level 11.0 Spellcasting
 + Level 12.3 Conjurations
 - Level 0.7 Transmutations
 * Level 10.6 Fire Magic
 + Level 14.0 Earth Magic
 + Level 8.9 Evocations


You had 12 spell levels left.
You knew the following spells:

 Your Spells              Type           Power      Damage    Failure   Level
a - Sandblast             Erth           100%       2d20      0%          1
b - Stone Arrow           Conj/Erth      100%       3d13      1%          3
c - Lee's Rapid Deconstr  Erth           51%        3d25*     1%          5
d - Iron Shot             Conj/Erth      49%        9d9       1%          6
e - Bolt of Magma         Conj/Fire/Erth 48%        4d20      1%          5
f - Starburst             Conj/Fire      46%        8x6d13    1%          6

Your spell library contained the following spells:

 Spells                   Type           Power      Damage    Failure   Level
 Yara's Violent Unravell  Hex/Tmut       14%        3d7       17%         5
 Magic Dart               Conj           100%       1d8       0%          1
 Passwall                 Tmut/Erth      63%        N/A       1%          2
 Searing Ray              Conj           100%       3d7       1%          2
 Conjure Flame            Conj/Fire      93%        6-21      1%          3
 Dazzling Flash           Conj/Hex       100%       N/A       1%          3
 Mephitic Cloud           Conj/Pois/Air  59%        N/A       1%          3
 Fulminant Prism          Conj/Hex       35%        3d18      1%          4
 Iskenderun's Mystic Bla  Conj/Tloc      70%        2d14      1%          4
 Petrify                  Tmut/Erth      76%        N/A       1%          4
 Iskenderun's Battlesphe  Conj           96%        2d14      1%          5
 Beastly Appendage        Tmut           64%        N/A       2%          1
 Animate Skeleton         Necr           50%        N/A       3%          1
 Apportation              Tloc           50%        N/A       3%          1
 Corona                   Hex            27%        N/A       3%          1
 Summon Small Mammal      Summ           100%       N/A       3%          1
 Wereblood                Tmut           32%        N/A       3%          2
 Blink                    Tloc           N/A        N/A       4%          2
 Call Imp                 Summ           25%        N/A       4%          2
 Slow                     Hex            25%        N/A       4%          2
 Orb of Destruction       Conj           48%        9d15      4%          7
 Spider Form              Tmut/Pois      14%        N/A       8%          3
 Call Canine Familiar     Summ           25%        N/A       9%          3
 Lesser Beckoning         Tloc           12%        N/A       9%          3
 Summon Guardian Golem    Hex/Summ       25%        N/A       9%          3
 Tukima's Dance           Hex            25%        N/A       9%          3
 Lehudib's Crystal Spear  Conj/Erth      49%        10d12     22%         8
 Ice Form                 Ice/Tmut       28%        N/A       26%         4
 Summon Ice Beast         Ice/Summ       25%        N/A       28%         4
 Summon Lightning Spire   Summ/Air       25%        N/A       28%         4
 Spellforged Servitor     Conj/Summ      35%        N/A       43%         7
 Hydra Form               Tmut           16%        N/A       52%         5
 Alistair's Intoxication  Tmut/Pois      18%        N/A       56%         5
 Summon Forest            Summ/Tloc      12%        N/A       63%         5
 Summon Mana Viper        Hex/Summ       25%        N/A       63%         5
 Chain Lightning          Conj/Air       35%        N/A       97%         8
 Invisibility             Hex            25%        N/A       99%         6
 Shadow Creatures         Summ           N/A        N/A       99%         6
 Fire Storm               Conj/Fire      46%        8d12      99%         9
 Summon Hydra             Summ           12%        N/A       100%        7
 Absolute Zero            Ice            12%        ∞         100%        9


Dungeon Overview and Level Annotations

Branches:
Dungeon (15/15)            Temple (1/1) D:4            Lair (6/6) D:11
  Swamp (3/4) Lair:2       Spider (0/4) Lair:2        Slime (0/5) Lair:5
    Orc (2/2) D:11            Elf (0/3) Orc:2        Vaults (0/5) D:14
 Depths (0/5) D:15        Ossuary (visited)           IceCv (visited)
Gauntlet (visited)

Altars:
Ashenzari
Cheibriados
Dithmenos
Elyvilon
Fedhas
Gozag
Hepliaklqana
Kikubaaqudgha
Makhleb
Nemelex Xobeh
Okawaru
Qazlal
Ru
Sif Muna
Trog
Uskayaw
Vehumet
Wu Jian
Xom
Yredelemnul
Zin
The Shining One
Beogh
Jiyva

Shops:
D:5 (   D:6 *   D:14 :   D:15 *   Orc:2 :?*[[

Annotations:
Lair:2 2 transporters, Ymeruj's ghost, journeyman MiBe
Lair:6 exclusion: 5 oklob plants
Orc:1 2 transporters


Innate Abilities, Weirdness & Mutations

Your stone body is resilient. (AC +12)
You are immune to poison.
Your large and strong wings let you fly.
You resist negative energy. (rN+)
You are resistant to electric shocks. (rElec)
You are resistant to unholy torment.
You can survive without breathing.
You are immune to petrification.
Your natural rate of healing is unusually fast.


Message History

The tree smoulders and burns. x2
The bolt of fire misses the will-o-the-wisp.
The bolt of fire hits the foxfire.
The foxfire completely resists.
The bolt of fire hits the spectral spriggan berserker!!
The spectral spriggan berserker is moderately damaged.
The tree smoulders and burns.
The foxfire hits you.
* * * LOW HITPOINT WARNING * * *
The foxfire hits you.
* * * LOW HITPOINT WARNING * * *
The will-o-the-wisp engulfs you but does no damage.
The spectral spriggan berserker is engulfed in a cloud of scalding steam.
The spectral spriggan berserker hits you.
* * * LOW HITPOINT WARNING * * *
The alligator bites you!
* * * LOW HITPOINT WARNING * * *
The alligator misses you.
The ghost crab breathes spectral mist at you.
The spectral mist engulfs the swamp worm but does no damage.
A tyrant leech comes into view.
Unknown command.
Unknown command.
Unknown command.
Casting: Starburst (dangerous; 1% risk of failure)
Confirm with . or Enter, or press ? or * to list all spells.
Casting: Starburst (dangerous; 1% risk of failure)
Press: ? - help, Dir - look around, f - activate You feel a surge of power!
The bolt of fire misses the alligator.
The bolt of fire hits the swamp worm!!!
You kill the swamp worm!
Vehumet accepts your kill.
The bolt of fire hits the ghost crab!!!
You destroy the ghost crab!
Vehumet accepts your kill.
You feel your power returning.
The spectral spriggan berserker fades away! x2
You smell burning wood. x2
The bolt of fire misses the will-o-the-wisp.
The tree smoulders and burns.
You are engulfed in a cloud of scalding steam.
You die...

♣ .. ♣...°≈t≈≈ ♣♣ ≈.♣
♣♣≈§..≈≈≈≈ §♣
.≈♣♣♣.)§≈.[§§≈ .♣
.≈♣≈.≈§≈♣≈♣.. ≈♣
♣≈♣..§♣i♣♣ .♣ ♣§.☼..☼§♣
.♣ ♣♣♣♣♣.§☼☼☼§.♣♣♣
≈♣♣♣♣♣♣♣♣☼○○☼§§v☼t○.≈☼♣
...≈.≈≈♣♣♣♣♣.§§§@§☼§§♣♣
≈≈≈≈≈≈≈♣♣♣♣♣(≈§§§.≈♣♣..♣
≈≈≈≈≈≈≈♣≈≈≈♣.§§≈.≈§♣
≈≈≈.≈≈≈.≈≈≈).≈≈..≈♣§.
≈≈≈≈≈≈≈.≈≈≈..≈..§♣♣♣.≈.
≈≈≈§≈≈≈[≈≈≈....w§♣♣ ♣≈≈≈
.≈≈≈≈≈≈[≈§≈≈♣≈≈≈≈.♣ ≈≈≈
.≈≈≈..≈≈.§≈≈♣♣♣♣≈♣♣ ..
≈<..♣♣.>≈≈≈≈.♣ ≈≈♣


You could see an alligator (swift), a tyrant leech, a will-o-the-wisp and a
spriggan.

Vanquished Creatures
  Jorgrun (Orc:2)
  Gastronok (D:9)
  A thorn hunter (Swamp:3)
  A fenstrider witch (Swamp:3)
  An orc warlord (Orc:2)
  A very ugly thing (D:15)
  A reaper (IceCv)
  Azrael (Orc:2)
  A minotaur (Gauntlet)
  A bunyip (Swamp:3)
  3 eleionomae
  An ettin (Orc:1)
  3 vault guards (D:14)
  A rakshasa (D:15)
  15 hydras
  A boulder beetle (D:15)
  3 two-headed ogres
  3 ghost crabs
  8 alligators
  2 centaur warriors
  A merfolk avatar (Lair:6)
  Urug (D:13)
  11 death yaks
  2 orc high priests (Orc:2)
  A tengu warrior (D:15)
  3 spriggans
  3 skeletal warriors (D:13)
  Nergalle (D:10)
  A sea snake (Lair:6)
  A spriggan druid (Swamp:3)
  2 goliath frogs
  A glowing orange brain (D:15)
  5 swamp dragons
  A bog body (Swamp:3)
  A wizard (D:14)
  A lindwurm (Lair:6)
  A harpy (Lair:6)
  2 necromancers (D:14)
  A shining eye (shapeshifter) (D:15)
  14 ugly things
  2 manticores
  6 orc sorcerers (Orc:2)
  3 will-o-the-wisps
  3 cyclopes
  19 elephants
  2 ice statues (IceCv)
  7 black mambas
  17 cane toads
  Joseph (Lair:1)
  10 komodo dragons
  A torpor snail (Lair:3)
  3 gargoyles
  A kobold demonologist (D:12)
  9 rime drakes
  3 efreet
  A queen bee (shapeshifter) (D:15)
  12 ice devils (IceCv)
  2 wind drakes (Lair:6)
  7 trolls
  7 hornets
  3 polar bears
  6 tyrant leeches
  3 slime creatures (D:15)
  31 blink frogs
  4 dream sheep (Lair:3)
  14 flying skulls (Gauntlet)
  A shadow (D:11)
  A water elemental (D:15)
  A wraith (Ossuary)
  9 wyverns
  A vampire (D:12)
  4 fire elementals (Orc:2)
  22 yaks
  Sigmund (D:3)
  4 basilisks
  18 humans (D:14)
  Grum (D:9)
  A human (shapeshifter) (D:14)
  12 vampire mosquitoes
  The ghost of Burana the Shield-Bearer, an amateur OpFi (D:3)
  A warg (Orc:2)
  11 swamp worms
  A small abomination (Gauntlet)
  2 acid dragons
  20 water moccasins
  2 hell hounds (Orc:2)
  15 orc warriors
  An ice beast (D:6)
  A black bear (shapeshifter) (D:15)
  A hornet zombie (D:6)
  A swamp drake (Swamp:1)
  2 necrophages
  5 black bears
  3 sky beasts
  3 ogres
  10 centaurs
  18 wolves
  18 bullfrogs
  7 scorpions
  3 water moccasin zombies (D:6)
  3 elf skeletons (D:5)
  A water moccasin skeleton (D:4)
  5 wights (D:8)
  9 electric eels
  5 centaur zombies
  2 bullfrog zombies
  2 human zombies
  3 hounds
  A jelly (D:4)
  5 bullfrog skeletons
  14 orc priests
  2 gnoll shamans
  2 centaur skeletons
  A human skeleton (D:5)
  4 iguanas
  32 orc wizards
  A killer bee zombie (D:7)
  A hound zombie (D:5)
  5 mummies
  A howler monkey zombie (D:9)
  14 gnolls
  A howler monkey skeleton (D:7)
  8 adders
  22 white imps
  3 ufetubi (IceCv)
  An adder skeleton (D:4)
  2 dart slugs
  2 worms (Lair:2)
  57 orcs
  7 ball pythons
  2 endoplasms
  2 giant cockroaches
  10 goblins
  4 hobgoblins
  7 jackals
  5 quokkas
  4 bats
  2 frilled lizards (D:2)
  5 gnoll skeletons (Ossuary)
  4 kobolds
  5 kobold skeletons (Ossuary)
  16 orc skeletons
  5 rats
770 creatures vanquished.

Vanquished Creatures (others)
  An alligator (Swamp:1)
  An orc priest (Orc:2)
  2 orc wizards
  4 white imps (IceCv)
  An ufetubus (IceCv)
  2 orcs (Orc:2)
  2 bushes (Lair:6)
  A demonic plant (Gauntlet)
  10 foxfires
  61 fungi
  132 plants
217 creatures vanquished.

Grand Total: 987 creatures vanquished

Notes
Turn   | Place    | Note
-------+----------+-------------------------------------------
     0 | D:1      | dbcje the Gargoyle Earth Elementalist began the quest for
                  | the Orb.
     0 | D:1      | Reached XP level 1. HP: 10/10 MP: 3/3
   296 | D:1      | Reached skill level 4 in Earth Magic
   296 | D:1      | Reached XP level 2. HP: 15/15 MP: 5/5
  1282 | D:2      | Reached XP level 3. HP: 19/19 MP: 4/7
  1288 | D:2      | Learned a level 3 spell: Stone Arrow
  1526 | D:2      | Reached skill level 1 in Conjurations
  1526 | D:2      | Reached XP level 4. HP: 23/24 MP: 1/8
  2002 | D:3      | Found a faded altar of an unknown god.
  2582 | D:3      | Reached skill level 5 in Earth Magic
  2584 | D:3      | Found a runed translucent door.
  2585 | D:3      | Noticed Burana's ghost (amateur OpFi)
  2595 | D:3      | Killed Burana's ghost
  2596 | D:3      | Reached XP level 5. HP: 9/28 MP: 2/10
  2809 | D:3      | Learned a level 5 spell: Lee's Rapid Deconstruction
  2861 | D:3      | Noticed Sigmund
  2870 | D:3      | Killed Sigmund
  2871 | D:3      | Reached skill level 6 in Earth Magic
  2871 | D:3      | Reached XP level 6. HP: 28/32 MP: 4/12
  3189 | D:4      | Reached XP level 7. HP: 36/36 MP: 9/13
  3283 | D:4      | Found a white marble altar of Elyvilon.
  3872 | D:4      | Found a staircase to the Ecumenical Temple.
  3882 | Temple   | Entered the Ecumenical Temple
  4213 | D:4      | Found a broken altar of Ashenzari.
  4249 | D:4      | Reached skill level 7 in Earth Magic
  4345 | D:4      | Reached skill level 5 in Spellcasting
  4569 | D:4      | Found an opulent altar of Gozag.
  4570 | D:4      | Found a sparkling altar of Nemelex Xobeh.
  4728 | D:4      | Reached skill level 5 in Conjurations
  4728 | D:4      | Reached XP level 8. HP: 41/41 MP: 15/15
  4867 | D:5      | Entered Level 5 of the Dungeon
  5112 | D:5      | Found Hodumicoe's Weapon Emporium.
  5146 | D:5      | Found an iron altar of Okawaru.
  5281 | D:5      | Identified the +1 helmet "Gelamit" {Harm rPois Str-4}
  5419 | D:5      | Found a sand-covered staircase.
  5424 | Ossuary  | Entered an ossuary
  5424 | Ossuary  | Noticed a wraith
  5424 | Ossuary  | Noticed a wraith
  5424 | Ossuary  | Noticed a wraith
  5746 | Ossuary  | Noticed a wraith
  5897 | Ossuary  | Killed a wraith
  5898 | Ossuary  | Reached skill level 8 in Earth Magic
  5921 | Ossuary  | Gained mutation: You have large cloven feet. [potion of
                  | mutation]
  5921 | Ossuary  | Lost mutation: You have large cloven feet. [potion of
                  | mutation]
  5921 | Ossuary  | Gained mutation: You are somewhat resistant to further
                  | mutation. [potion of mutation]
  5922 | Ossuary  | Lost mutation: You are somewhat resistant to further
                  | mutation. [potion of mutation]
  5922 | Ossuary  | Gained mutation: Your magical capacity is low. (-10% MP)
                  | [potion of mutation]
  5922 | Ossuary  | Gained mutation: You are frail. (-10% HP) [potion of
                  | mutation]
  5922 | Ossuary  | Gained mutation: You expend magic power (3 MP) to
                  | strengthen your wands. [potion of mutation]
  5923 | Ossuary  | Lost mutation: You are frail. (-10% HP) [potion of
                  | mutation]
  5923 | Ossuary  | Lost mutation: You expend magic power (3 MP) to strengthen
                  | your wands. [potion of mutation]
  5923 | Ossuary  | Lost mutation: Your magical capacity is low. (-10% MP)
                  | [potion of mutation]
  5923 | Ossuary  | Gained mutation: Armour fits poorly on your strangely
                  | shaped body. [potion of mutation]
  5923 | Ossuary  | Lost mutation: Armour fits poorly on your strangely shaped
                  | body. [potion of mutation]
  5923 | Ossuary  | Gained mutation: Your natural rate of healing is unusually
                  | fast. [potion of mutation]
  6176 | D:5      | Noticed a wyvern
  6232 | D:5      | Identified the +1 hat of Undesirable Species {Int+4}
  7129 | D:6      | Reached XP level 9. HP: 46/46 MP: 18/18
  7143 | D:6      | Reached skill level 1 in Fighting
  7143 | D:6      | Reached skill level 1 in Armour
  7175 | D:6      | Found Macom's Serpentskin Sales.
  7201 | D:6      | Reached skill level 1 in Maces & Flails
  7511 | D:6      | Reached skill level 9 in Earth Magic
  7701 | D:6      | Found a radiant altar of Vehumet.
  7704 | D:6      | Became a worshipper of Vehumet
  7902 | D:6      | Found a basalt altar of Yredelemnul.
  7911 | D:6      | Reached skill level 1 in Evocations
  8412 | D:7      | Reached XP level 10. HP: 56/56 MP: 17/20
  8513 | D:7      | Found a blossoming altar of Fedhas.
  8569 | D:7      | Reached * piety under Vehumet
  8569 | D:7      | Offered knowledge of Freeze by Vehumet.
  9416 | D:8      | Found a burning altar of Makhleb.
  9870 | D:8      | Learned a level 6 spell: Iron Shot
  9876 | D:8      | Learned a level 5 spell: Bolt of Magma
 10155 | D:9      | Found a flagged portal.
 10179 | D:9      | Found a stormy altar of Qazlal.
 10343 | D:9      | Noticed Gastronok
 10345 | D:9      | Upgraded the game from 0.27-a0-926-g0e6d9124c6 to
                  | 0.27-a0-941-g386ccf399c
 10471 | D:9      | Noticed Grum
 10473 | D:9      | Killed Grum
 10483 | D:9      | Reached ** piety under Vehumet
 10491 | D:9      | Offered knowledge of Shock by Vehumet.
 10509 | D:9      | Found a hazy altar of Hepliaklqana.
 10634 | D:9      | Found a glowing silver altar of Zin.
 10948 | D:10     | Entered Level 10 of the Dungeon
 10992 | D:10     | Found an ancient bone altar of Kikubaaqudgha.
 11070 | D:10     | Identified a scroll of acquirement
 11070 | D:10     | Acquired 1031 gold pieces
 11477 | D:10     | Noticed Nergalle
 11485 | D:10     | Killed Nergalle
 11566 | D:11     | Found a gate leading to a gauntlet.
 11584 | Gauntlet | Entered a Gauntlet
 11584 | Gauntlet | Found a transporter.
 11584 | Gauntlet | Found a transporter.
 11584 | Gauntlet | Found a transporter.
 11584 | Gauntlet | Found the brooch of Shielding {Spirit SH+8}
 11584 | Gauntlet | Noticed a soul eater
 11604 | Gauntlet | Found a transporter.
 11614 | Gauntlet | Found a transporter.
 11618 | Gauntlet | Found a transporter.
 11627 | Gauntlet | Noticed a cacodemon
 11628 | Gauntlet | Found a transporter.
 11645 | Gauntlet | Found a large runed translucent door.
 11646 | Gauntlet | Found a large runed translucent door.
 11647 | Gauntlet | Found a large runed translucent door.
 11647 | Gauntlet | Found a large runed translucent door.
 11648 | Gauntlet | Found a runed translucent gate.
 11649 | Gauntlet | Found a large runed translucent door.
 11649 | Gauntlet | Found a large runed translucent door.
 11649 | Gauntlet | Found a runed translucent door.
 11650 | Gauntlet | Found a large runed translucent door.
 11651 | Gauntlet | Found a large runed translucent door.
 11671 | Gauntlet | Noticed a large abomination
 11677 | Gauntlet | Found a transporter.
 11677 | Gauntlet | Found a transporter.
 11715 | Gauntlet | Found a transporter.
 11719 | Gauntlet | Found a transporter.
 11721 | Gauntlet | Found a large runed translucent door.
 11722 | Gauntlet | Found a large runed translucent door.
 11723 | Gauntlet | Found a large runed translucent door.
 11723 | Gauntlet | Found a large runed translucent door.
 11723 | Gauntlet | Found a runed translucent door.
 11724 | Gauntlet | Found a large runed translucent door.
 11725 | Gauntlet | Found a large runed translucent door.
 11726 | Gauntlet | Found a large runed translucent door.
 11726 | Gauntlet | Found a large runed translucent door.
 11727 | Gauntlet | Found a runed translucent gate.
 11727 | Gauntlet | Found a runed translucent gate.
 11729 | Gauntlet | Found a transporter.
 11788 | Gauntlet | Reached skill level 10 in Earth Magic
 11991 | Gauntlet | Reached XP level 11. HP: 15/62 MP: 13/21
 12046 | Gauntlet | Reached skill level 5 in Armour
 12048 | Gauntlet | Reached skill level 5 in Fighting
 12128 | Gauntlet | Noticed a minotaur
 12134 | Gauntlet | Killed a minotaur
 12263 | D:11     | Reached skill level 5 in Maces & Flails
 12285 | D:11     | Noticed a purple ugly thing
 12285 | D:11     | Noticed a seven-headed hydra
 12301 | D:11     | Killed a seven-headed hydra
 12301 | D:11     | Offered knowledge of Static Discharge by Vehumet.
 12303 | D:11     | Killed a purple ugly thing
 12356 | D:11     | Found a staircase to the Lair.
 12402 | D:11     | Found a staircase to the Orcish Mines.
 12678 | D:11     | Reached *** piety under Vehumet
 12679 | D:11     | Reached XP level 12. HP: 70/70 MP: 19/24
 12960 | D:9      | Killed Gastronok
 12961 | D:9      | Reached skill level 5 in Dodging
 12961 | D:9      | Reached skill level 11 in Earth Magic
 13396 | D:12     | Reached skill level 5 in Evocations
 13859 | D:13     | Noticed a five-headed hydra
 13872 | D:13     | Killed a five-headed hydra
 13926 | D:13     | Offered knowledge of Iskenderun's Mystic Blast by Vehumet.
 13938 | D:13     | Noticed Urug
 13945 | D:13     | Killed Urug
 14038 | D:13     | Noticed a four-headed hydra
 14045 | D:13     | Killed a four-headed hydra
 14122 | D:13     | Noticed a two-headed ogre
 14126 | D:13     | Killed a two-headed ogre
 14127 | D:13     | Reached skill level 1 in Fire Magic
 14161 | D:13     | Reached XP level 13. HP: 48/76 MP: 5/25
 14818 | D:14     | Reached skill level 10 in Conjurations
 14887 | D:14     | Found a frozen archway.
 14899 | D:14     | Reached **** piety under Vehumet
 14911 | IceCv    | Entered an ice cave
 14931 | IceCv    | Offered knowledge of Sticky Flame by Vehumet.
 15079 | IceCv    | Identified the +1 pair of gloves of the Storm King {rC+ rN+
                  | Will+ Str-2}
 15311 | IceCv    | Noticed a reaper
 15313 | IceCv    | Killed a reaper
 15737 | D:14     | Found Egozey's Book Shoppe.
 15875 | D:14     | Reached skill level 12 in Earth Magic
 15904 | D:14     | Noticed a vault guard
 15916 | D:14     | Killed a vault guard
 15923 | D:14     | Reached ***** piety under Vehumet
 16083 | D:14     | Noticed a vault guard
 16088 | D:14     | Killed a vault guard
 16088 | D:14     | Offered knowledge of Ozocubu's Refrigeration by Vehumet.
 16123 | D:14     | Noticed a vault guard
 16124 | D:14     | Found a gate to the Vaults.
 16128 | D:14     | Killed a vault guard
 16230 | D:14     | Reached skill level 5 in Fire Magic
 16328 | D:15     | Entered Level 15 of the Dungeon
 16333 | D:15     | Gained mutation: Your large and strong wings let you fly.
                  | [Gargoyle growth]
 16333 | D:15     | Reached XP level 14. HP: 74/84 MP: 17/27
 16418 | Lair:1   | Entered Level 1 of the Lair of Beasts
 16875 | Lair:1   | Noticed Joseph
 16880 | Lair:1   | Killed Joseph
 17317 | Lair:2   | Found a staircase to the Swamp.
 17317 | Lair:2   | Found a glowing silver altar of Zin.
 17535 | Lair:2   | Found a hole to the Spider Nest.
 17622 | Lair:2   | Found a transporter.
 17623 | Lair:2   | Noticed Ymeruj's ghost (journeyman MiBe)
 17632 | Lair:2   | Found a transporter.
 18633 | Lair:3   | Offered knowledge of Lightning Bolt by Vehumet.
 18733 | Lair:3   | You are sucked into a shaft and drop 2 floors!
 19415 | Lair:4   | Identified the ring of Eriudinu {rPois Str+3 Int+6}
 20330 | Lair:5   | Reached XP level 15. HP: 90/90 MP: 28/28
 20373 | Lair:5   | Found a viscous altar of Jiyva.
 20373 | Lair:5   | Found a staircase to the Slime Pits.
 20990 | Lair:6   | Entered Level 6 of the Lair of Beasts
 21092 | Lair:6   | Offered knowledge of Starburst by Vehumet.
 21111 | Lair:6   | Learned a level 6 spell: Starburst
 21146 | Lair:6   | Reached skill level 10 in Spellcasting
 21148 | Lair:6   | Reached skill level 10 in Maces & Flails
 21178 | Lair:6   | Reached skill level 13 in Earth Magic
 22158 | Lair:6   | Reached skill level 10 in Fighting
 22438 | Orc:1    | Entered Level 1 of the Orcish Mines
 22796 | Orc:1    | Found a transporter.
 22852 | Orc:1    | Found a burning altar of Makhleb.
 23025 | Orc:1    | Noticed an orc warlord
 23315 | Orc:1    | Found a transporter.
 23394 | Orc:2    | Entered Level 2 of the Orcish Mines
 23394 | Orc:2    | Found a staircase to the Elven Halls.
 23590 | Orc:2    | Found Lushois's Antique Armour Shoppe.
 23601 | Orc:2    | Bought a pair of brightly glowing boots for 275 gold pieces
 23601 | Orc:2    | Identified the +1 pair of boots of the Endless Expanse
                  | {rPois rF- Will+++ Str-5} (You bought it in a shop on level
                  | 2 of the Orcish Mines)
 23617 | Orc:2    | Noticed an orc warlord
 23623 | Orc:2    | Killed an orc warlord
 23624 | Orc:2    | Reached XP level 16. HP: 94/97 MP: 13/30
 23627 | Orc:2    | Noticed Azrael
 23634 | Orc:2    | Killed Azrael
 23671 | Orc:2    | Reached ****** piety under Vehumet
 23671 | Orc:2    | Noticed Jorgrun
 23704 | Orc:2    | Killed Jorgrun
 23967 | Orc:2    | Found Naykhlal's Assorted Antiques.
 23967 | Orc:2    | Found Buocrak's Armour Boutique.
 23968 | Orc:2    | Found Apuutsaf's Magic Scroll Shop.
 23972 | Orc:2    | Found Ujudusa's Book Shop.
 23987 | Orc:2    | Bought 3 scrolls of acquirement for 2652 gold pieces
 23989 | Orc:2    | Acquired 706 gold pieces
 23993 | Orc:2    | Acquired the +2 pair of gloves "Loehoq" {rC++ Dex+4}
 24006 | Orc:2    | Acquired a book of Annihilations
 24013 | Orc:2    | Bought a scroll of holy word for 127 gold pieces
 24013 | Orc:2    | Bought a scroll of enchant weapon for 127 gold pieces
 24013 | Orc:2    | Bought a scroll of summoning for 161 gold pieces
 24013 | Orc:2    | Bought a scroll of magic mapping for 59 gold pieces
 24013 | Orc:2    | Bought a scroll of teleportation for 51 gold pieces
 24013 | Orc:2    | Bought a scroll of summoning for 161 gold pieces
 24020 | Orc:2    | Bought a bronze leather armour for 245 gold pieces
 24020 | Orc:2    | Identified the +1 leather armour of Nitiejir {rC+} (You
                  | bought it in a shop on level 2 of the Orcish Mines)
 24474 | D:15     | Offered knowledge of Fireball by Vehumet.
 24859 | D:15     | Found a staircase to the Depths.
 25123 | D:15     | Found Focsuel's Assorted Antiques.
 25127 | D:15     | Bought a potion of heal wounds for 155 gold pieces
 25127 | D:15     | Bought a scroll of teleportation for 93 gold pieces
 25127 | D:15     | Bought a scroll of immolation for 108 gold pieces
 25369 | Swamp:1  | Entered Level 1 of the Swamp
 25726 | Swamp:1  | Reached skill level 10 in Fire Magic
 26608 | Swamp:2  | Identified the +1 plate armour of the Planets {Will++}
 26740 | Swamp:3  | Noticed a thorn hunter
 26745 | Swamp:3  | Killed a thorn hunter
 26828 | Swamp:3  | Noticed a fenstrider witch
 26835 | Swamp:3  | Killed a fenstrider witch
 26836 | Swamp:3  | Reached XP level 17. HP: 103/104 MP: 10/31
 26961 | Swamp:3  | Reached skill level 14 in Earth Magic
 26963 | Swamp:3  | Offered knowledge of Yara's Violent Unravelling by Vehumet.
 26970 | Swamp:3  | Engulfed by a will-o-the-wisp's steam

Illustrated notes

Levels and vault maps discovered:
D:1:      tarquinn_simple_flora_water_a, layout_loops_ring
D:2:      layout_basic, minmay_fountain_box
D:3:      layout_loops_ring, gammafunk_ghost_grave,
          hellmonk_ecumenical_altar_pennies_from_heaven, uniq_sigmund
D:4:      layout_loops_ring, grunt_temple_overflow_opulence,
          lemuel_doored_altar, nicolae_ashenzari_skybound,
          minmay_temple_entry_waves
D:5:      layout_layer_cave, okawaru_ov_weapons_minmay, serial_shops,
          nicolae_shop_statue_plus, nicolae_ossuary_entry_catacombs,
          lightli_corner_chamber
D:6:      layout_cave_pools, kennysheep_mini_moat,
          lemuel_mausoleum_altar_yredelemnul, serial_bayou, serial_bayou_pond_e,
          serial_bayou_lake_a, serial_bayou_pond_e, serial_bayou_pond_d,
          serial_bayou_pond_c, serial_bayou_lagoon_a, guppyfry_shop_venom
D:7:      layout_basic, nicolae_overflow_crystal_walls
D:8:      layout_cave_pods, old_standard_altar, nrook_pool_corridor
D:9:      layout_basic, zin_treasury, lemuel_round_altar,
          nicolae_hepliaklqana_hippocampus, enter_bailey_3, uniq_grum,
          uniq_gastronok
D:10:     layout_rooms, overflow_temple_1_default, minmay_misc_feat_columns,
          chequers_serial_rivers_micro_d, nicolae_two_hexagons, uniq_nergalle
D:11:     layout_basic, due_lair_maze_entry_diamond, gauntlet_entry_generic,
          nrook_campfire
D:12:     layout_rooms
D:13:     layout_basic, hangedman_decor_slide_cut, uniq_urug
D:14:     layout_roguey, grunt_vaults_entry_tiered, portal_ice_cave_entry_imps,
          serial_park_tiny_pond, minmay_shop_grid_forest
D:15:     gammafunk_enter_depths_forms, layout_basic, minmay_misc_feat_plants,
          serial_shops, shop
Temple:   compressed_dpeg_triangle_lava_temple
Lair:1:   layout_cave_pods, grunt_megastairs_5, lemuel_fruit_fields,
          serial_bayou_shore_b, uniq_joseph
Lair:2:   layout_loops_ring, minmay_swamp_entry_eels,
          nicolae_spider_entry_non_spiders, basic_altar, gammafunk_ghost_arena,
          grunt_megastairs_2
Lair:3:   layout_loops_ring
Lair:4:   layout_small_grid, lemuel_fruit_tree, infiniplex_staircase_pool
Lair:5:   layout_roguey, slime_altar_1, serial_bayou_shore_a,
          infiniplex_staircase_pool_2
Lair:6:   gammafunk_lair_ancient_temple, layout_misc_corridors, dpeg_oklob_1
Swamp:1:  layout_basic_swamp, serial_swamp_ruin, evilmike_swamp_ruin_rubble_2,
          evilmike_swamp_ruin_house_5, evilmike_swamp_ruin_house_1
Swamp:2:  layout_falls_marsh, nicolae_swamp_fairy_circle
Swamp:3:  layout_basic_swamp, nicolae_swamp_orc_logging_accident
Orc:1:    gammafunk_beogh_shrine, layout_caves, bloody_makhleb
Orc:2:    st_orc_mages, layout_diamond_mine, serial_shops, shop,
          kennysheep_orc_chapel, uniq_azrael, uniq_jorgrun

Skill      XL: |  1  2  3  4  5  6  7  8  9 10 11 12 13 14 15 16 17 |
---------------+----------------------------------------------------+-----
Earth Magic    | 4 5 6 7 8 9 10 11 12 13 14 | 14.0
Spellcasting   | 3 4 5 6 7 8 9 10 11 | 11.0
Conjurations   | 1 2 3 5 6 7 8 9 10 11 12 | 12.3
Fighting       | 3 4 6 7 8 9 10 | 10.9
Armour         | 3 4 6 |  6.0
Maces & Flails | 2 4 5 6 8 9 10 11 | 11.1
Dodging        | 2 3 4 5 6 7 8 |  8.6
Evocations     | 1 3 4 5 6 7 8 |  8.9
Fire Magic     | 1 5 7 9 10 | 10.6
Stealth        | |  2.1
Transmutations | |  0.7

Action                   |  1- 3 |  4- 6 |  7- 9 | 10-12 | 13-15 | 16-18 || total
-------------------------+-------+-------+-------+-------+-------+-------++-------
Melee: Dagger            |    67 |    24 |   333 |   180 |       |       ||   604
       Unarmed           |     2 |       |       |       |       |       ||     2
       Flail             |       |       |       |    40 |       |       ||    40
       Eveningstar       |       |       |       |    11 |   637 |    98 ||   746
 Cast: Sandblast         |    20 |    32 |    66 |    24 |     4 |     2 ||   148
       Stone Arrow       |       |       |     9 |    51 |     3 |    10 ||    73
       Lee's Rapid Decon |       |       |     2 |    29 |    28 |     8 ||    67
       Bolt of Magma     |       |       |       |    14 |    93 |    35 ||   142
       Iron Shot         |       |       |       |    30 |    91 |    62 ||   183
       Starburst         |       |       |       |       |     1 |    18 ||    19
Evoke: Wand              |       |       |       |     2 |     2 |     1 ||     5
       Phial of floods   |       |       |       |       |     1 |     1 ||     2
       Condenser vane    |       |       |       |       |     1 |     2 ||     3
       Tin of tremorston |       |       |       |       |       |     2 ||     2
       Phantom mirror    |       |       |       |       |       |     1 ||     1
  Use: Scroll            |       |     2 |    15 |    15 |     3 |     7 ||    42
       Potion            |       |       |     3 |     5 |       |    10 ||    18
 Stab: Sleeping          |     5 |     3 |     8 |       |     5 |       ||    21
       Paralysed         |       |       |       |     3 |       |       ||     3
       Distracted        |       |       |       |       |     1 |       ||     1
Armor: Robe              |    52 |    16 |   153 |   193 |   445 |   135 ||   994
       Leather armour    |       |       |       |       |    48 |       ||    48
Dodge: Dodged            |    44 |    23 |   212 |   305 |   650 |   127 ||  1361

Table legend: (Time is in decaauts)
 A = Elapsed time spent in this place.
 B = Non-inter-level travel time spent in this place.
 C = Inter-level travel time spent in this place.
 D = Time resting spent in this place.
 E = Time spent auto-exploring this place.
 F = Levels seen in this place.
 G = Mean time per level.
                   A        B        C        D        E       F      G
               +--------+--------+--------+--------+--------+-----+--------+
         Total |  27045 |  25621 |   1424 |   2522 |  17571 |  30 |  901.5 |
       Dungeon |  15200 |  14365 |    835 |    973 |  10529 |  15 | 1013.3 |
        Temple |    290 |    277 |     13 |      0 |    277 |   1 |  290.0 |
          Lair |   6075 |   5705 |    370 |    454 |   4047 |   6 | 1012.5 |
         Swamp |   1600 |   1569 |     31 |    193 |   1126 |   3 |  533.3 |
  Orcish Mines |   1912 |   1738 |    174 |     48 |   1277 |   2 |  956.0 |
       Ossuary |    590 |    590 |      0 |    259 |     76 |   1 |  590.0 |
      Ice Cave |    784 |    784 |      0 |    366 |     79 |   1 |  784.0 |
      Gauntlet |    590 |    590 |      0 |    228 |    160 |   1 |  590.0 |
               +--------+--------+--------+--------+--------+-----+--------+

Top non-repeatable levels by time:
     D:5: 1658 daAuts
     D:4: 1497 daAuts
     D:2: 1302 daAuts
  Lair:5: 1153 daAuts
  Lair:2: 1119 daAuts
     D:6: 1117 daAuts
    D:14: 1097 daAuts
     D:3: 1079 daAuts
     D:9: 1057 daAuts
  Lair:6: 1046 daAuts
     D:8: 1035 daAuts
  Lair:4: 1005 daAuts
  Lair:1: 979 daAuts
   Orc:1: 960 daAuts
   Orc:2: 951 daAuts
